 Dungeon Crawl Stone Soup version 0.23-a0-673-g3803c42f16 (webtiles) character file.

9976 HighWolly the Transmogrifier (level 11, -18/78 HPs)
             Began as a Merfolk Transmuter on Jan 9, 2019.
             Was a Priest of Nemelex Xobeh.
             Killed from afar by a frost giant (47 damage)
             ... with a bolt of cold
             ... in an ice cave.
             The game lasted 00:46:39 (16443 turns).

HighWolly the Transmogrifier (Merfolk Transmuter)  Turns: 16443, Time: 00:46:39

Health: -18/78     AC:  5    Str: 11    XL:     11   Next: 54%
Magic:  15/17      EV: 17    Int: 15    God:    Nemelex Xobeh [***...]
Gold:   585        SH:  6    Dex: 15    Spells: 2/18 levels left

rFire    + . .     SeeInvis .     - Unarmed
rCold    . . .     Gourm    .   j - +1 buckler
rNeg     . . .     Faith    .   b - +0 robe
rPois    .         Spirit   .   (no helmet)
rElec    .         Reflect  .   (no cloak)
rCorr    +         Harm     .   m - +2 pair of gloves
MR       .....                  (no boots)
Stlth    +.........             (no amulet)
HPRegen  0.23/turn              i - ring of protection from fire
MPRegen  0.15/turn              L - ring of resist corrosion

@: appendage (expiring)
A: change form in water, swift swim, stealthy swim, horns 2
a: End Transformation, Draw Escape, Draw Destruction, Draw Summoning, Triple
Draw, Renounce Religion


You were in an ice cave.
You worshipped Nemelex Xobeh.
Nemelex Xobeh was most pleased with you.
You were not hungry.
You had grown temporary horns.
You visited 2 branches of the dungeon, and saw 12 of its levels.
You also visited: Sewer and Ice Cave.

You collected 585 gold pieces.

Inventory:

Hand Weapons
 w - a +0 hunting sling
   (You took it off a goblin on level 2 of the Dungeon)
Missiles
 a - 221 arrows
 l - 44 sling bullets
 J - 230 stones (quivered)
Armour
 b - a +0 robe (worn)
 j - a +1 buckler (worn)
   (You found it on level 2 of the Dungeon)
 m - a +2 pair of gloves (worn)
   (You found it on level 2 of the Dungeon)
 F - a +2 cloak
   (You took it off Maurice on level 8 of the Dungeon)
Jewellery
 i - a ring of protection from fire (left hand)
   (You found it on level 5 of the Dungeon)
 u - an uncursed ring of fire
   (You found it on level 4 of the Dungeon)
 K - an uncursed ring of positive energy
   (You found it on level 9 of the Dungeon)
 L - a ring of resist corrosion (right hand)
   (You found it on level 10 of the Dungeon)
Wands
 d - a wand of iceblast (8)
   (You found it on level 9 of the Dungeon)
 q - a wand of clouds (4)
   (You took it off a centaur on level 8 of the Dungeon)
 t - a wand of flame (5)
   (You took it off Maurice on level 8 of the Dungeon)
 H - a wand of enslavement (6)
   (You found it on level 8 of the Dungeon)
 M - a wand of polymorph (4)
   (You found it on level 10 of the Dungeon)
Scrolls
 r - a scroll of magic mapping
 s - 2 scrolls of enchant weapon {unknown}
 x - a scroll of enchant armour
 y - 4 scrolls of remove curse {@r2}
 B - a scroll of fog {unknown}
 C - a scroll of vulnerability {unknown}
 D - a scroll of teleportation {@r4}
 E - 2 scrolls of immolation {unknown}
 I - a scroll of torment {unknown}
Potions
 c - a potion of curing {@q1}
 f - 3 potions of invisibility
 g - 3 potions of brilliance
 h - 2 potions of lignification {!q}
 k - 4 potions of cancellation
 n - 2 potions of haste {@q3}
 o - 4 potions of flight
 p - 3 potions of resistance
 v - 3 potions of might
 z - 2 potions of magic
 A - 2 potions of heal wounds {@q2}
 G - 8 potions of mutation {!q}
Comestibles
 e - 10 rations {!d}
 N - 7 chunks of flesh


   Skills:
 + Level 4.4 Fighting
 - Level 8.0 Dodging
 - Level 4.0 Shields
 * Level 10.8 Unarmed Combat
 - Level 4.0 Spellcasting
 - Level 4.1 Hexes
 - Level 13.0 Transmutations
 + Level 5.4 Invocations


You had 2 spell levels left.
You knew the following spells:

 Your Spells              Type           Power        Failure   Level  Hunger
a - Beastly Appendage     Tmut           #####.       1%          1    None
b - Blade Hands           Tmut           #####.....   2%          5    ######.
c - Confusing Touch       Hex            ###...       3%          1    None
d - Ice Form              Ice/Tmut       ###.....     12%         4    ####...
s - Sticks to Snakes      Tmut           #####...     1%          2    ##.....
x - Spider Form           Tmut/Pois      ###.......   3%          3    ###....

Your spell library contained the following spells:

 Spells                   Type           Power        Failure   Level  Hunger
 Corona                   Hex            ###....      3%          1    None
 Slow                     Hex            ###.....     4%          2    ##.....
 Confuse                  Hex            ###.....     10%         3    ###....
 Petrify                  Tmut/Erth      ###.....     12%         4    ####...
 Yara's Violent Unravell  Hex/Tmut       ####......   16%         5    ######.
 Inner Flame              Hex/Fire       #.......     24%         3    ###....
 Portal Projectile        Hex/Tloc       #.....       24%         3    ###....
 Cause Fear               Hex            ###.......   32%         4    ####...
 Gell's Gravitas          Tloc           #.........   47%         3    ###....
 Leda's Liquefaction      Hex/Erth       #.........   61%         4    ####...
 Metabolic Englaciation   Hex/Ice        #.........   91%         5    ######.


Dungeon Overview and Level Annotations

Branches:
Dungeon (11/15)            Temple (1/1) D:6            Lair (0/6) D:9
    Orc (0/2) D:11

Altars:
Nemelex Xobeh
Okawaru
Sif Muna
Vehumet
Xom

Shops:
D:7 ?   D:8 !   D:11 =

Annotations:
D:6 3 runed doors, Morbidden's ghost, novice DECj
D:7 2 transporters, Tinylith's ghost, novice DrAE
D:8 1 runed door, Yermak's ghost, novice GnSu
D:9 exclusion: oklob plant
D:10 1 runed door, Shaidar's ghost, novice MiBe


Innate Abilities, Weirdness & Mutations

You revert to your normal form in water.
You are very nimble and swift while swimming.
You are very stealthy in the water. (Stealth+)
You have a pair of horns on your head.


Message History

Aim: a frost giant, wielding a +1 battleaxe of freezing The glob of acid hits the frost giant.
The frost giant is splashed with acid.
The frost giant casts a spell at you. The bolt of cold hits you!
Ouch! That really hurt!
* * * LOW HITPOINT WARNING * * *
You grow a pair of large bovine horns.
Unknown command.
You draw a card...
You have drawn the Tomb.
Walls emerge from the floor!
You draw a card...
You have drawn the Tomb.
Nothing appears to happen.
You draw a card...
You have drawn Velocity.
Nothing appears to happen.
You draw a card...
You have drawn the Cloud.
Nothing appears to happen.
You start resting.
The walls disappear!
The frost giant is too close now for your liking.
You draw a card...
You have drawn Foxfire.
The frost giant casts a spell at you. The bolt of cold misses you.
The bolt of cold hits your killer bee.
Your killer bee dies!
Your killer bee's corpse disappears in a puff of smoke!
Your killer bee stings the frost giant.
Your killer bee stings the frost giant but does no damage.
You draw a card...
You have drawn the Illusion.
Suddenly you stand beside yourself. The killer bee misses you.
You block the killer bee's attack.
Your killer bee stings the frost giant!
The frost giant is poisoned.
Your killer bee poisons the frost giant!
Your killer bee stings the frost giant but does no damage.
You block the killer bee's attack.
Your killer bee stings the killer bee!
Your killer bee stings the frost giant!
The frost giant looks as sick as possible!
Your killer bee poisons the frost giant!
You draw a card...
You have drawn the Dance.
Your killer bee stings the frost giant.
HighWolly's illusion hits the frost giant!
Your killer bee stings the killer bee!
The killer bee dies!
The killer bee's corpse disappears in a puff of smoke!
HighWolly's illusion hits the frost giant but does no damage.
You see here a wolf skeleton.
Your -2 hand axe of venom hits the frost giant.
The frost giant looks as sick as possible!
You create a snake!
You now have 221 arrows.
Your transformation is almost over.
Your killer bee stings the frost giant!
The frost giant gestures at you while chanting.
The bolt of cold hits you!
Ouch! That really hurt!
You die...
Your body glows slightly and disappears.

##....##.÷..##.......#
#....####..#####....##
#.....######## ##..##
#....##≈≈#≈≈≈## ####
##...##≈≈≈≈≈≈≈≈≈
#...##≈≈######≈≈
#..#.≈≈##(##
##.#.≈##.Cy##
##..##÷@#.y###
#.##S.###@..## #....##
###..#### ##..##
##.#..## # ####
##.#..# ≈# #.#.#.#
≈≈## ##..#..# ≈≈≈# ###
##.#..#.# ≈≈≈###.###
########C..##..#


You could see a frost giant, a friendly killer bee, a friendly -2 hand axe of
venom and a friendly adder.

Vanquished Creatures
  A mana viper (D:9)
  2 ice devils (D:11)
  A troll (D:10)
  2 polar bears (IceCv)
  Grinder (D:4)
  A hippogriff (D:9)
  A hornet (D:9)
  Sigmund (D:3)
  6 yaks
  4 hungry ghosts
  A soldier ant (D:11)
  An acid dragon (D:10)
  A water moccasin (D:6)
  A floating eye (D:9)
  A swamp drake (D:9)
  An ice beast (D:9)
  An orc warrior (D:6)
  4 sky beasts
  3 phantoms
  6 wolves (IceCv)
  4 centaurs
  4 ogres
  A big kobold (D:9)
  3 bullfrogs
  A wyvern zombie (D:9)
  4 scorpions
  A killer bee (D:9)
  2 howler monkeys
  5 crimson imps
  A quasit (D:8)
  4 hounds
  10 jellies
  5 orc priests
  A bullfrog skeleton (D:9)
  5 iguanas
  11 orc wizards
  8 worker ants
  2 hound skeletons
  A howler monkey zombie (D:11)
  2 worker ant zombies (D:7)
  A howler monkey skeleton (D:6)
  5 adders
  3 gnolls
  A river rat (Sewer)
  17 oozes
  2 adder skeletons
  4 worms
  2 dart slugs
  3 leopard geckos
  20 orcs
  2 ball pythons
  10 giant cockroaches
  10 hobgoblins
  18 jackals
  17 kobolds
  2 quokkas
  4 bats
  3 frilled lizards
  6 goblins
  A jackal zombie (D:7)
  13 rats
259 creatures vanquished.

Vanquished Creatures (collateral kills)
  A two-headed ogre (D:10)
  Maurice (D:8)
  4 polar bears (IceCv)
  Prince Ribbit (D:8)
  A wraith (D:10)
  2 yaks
  A hungry ghost (D:11)
  An orc warrior (D:11)
  A big kobold (Sewer)
  An orc priest (D:11)
  A centaur skeleton (D:11)
  A bullfrog skeleton (D:11)
  An iguana (D:3)
  2 worker ants
  A gnoll (D:7)
  2 worms
  2 orcs
  A jackal (D:1)
  A quokka (D:11)
  A kobold (Sewer)
27 creatures vanquished.

Vanquished Creatures (others)
  2 fungi (D:9)
2 creatures vanquished.

Grand Total: 288 creatures vanquished

Notes
Turn   | Place    | Note
-------+----------+-------------------------------------------
     0 | D:1      | HighWolly the Merfolk Transmuter began the quest for the
                  | Orb.
     0 | D:1      | Reached XP level 1. HP: 15/15 MP: 3/3
   270 | D:1      | Reached skill level 3 in Transmutations
   270 | D:1      | Reached XP level 2. HP: 16/21 MP: 3/5
   422 | D:1      | Learned a level 2 spell: Sticks to Snakes
   750 | D:1      | Reached XP level 3. HP: 22/26 MP: 4/6
  1170 | D:1      | Learned a level 3 spell: Spider Form
  1991 | D:2      | Noticed an ogre
  2790 | D:2      | Reached XP level 4. HP: 32/32 MP: 7/7
  3433 | D:3      | Reached skill level 4 in Transmutations
  3527 | D:3      | Reached skill level 1 in Shields
  3834 | D:3      | Found a glowing drain.
  3843 | Sewer    | Entered a sewer
  3976 | Sewer    | Noticed a big kobold
  4038 | Sewer    | Killed a big kobold
  4038 | Sewer    | Reached XP level 5. HP: 14/37 MP: 2/9
  4369 | Sewer    | Found a white marble altar of Elyvilon.
  4831 | D:3      | Noticed Sigmund
  4946 | D:3      | Reached XP level 6. HP: 15/43 MP: 1/10
  5659 | D:3      | Killed Sigmund
  5659 | D:3      | Reached skill level 5 in Unarmed Combat
  5659 | D:3      | Reached skill level 5 in Transmutations
  5659 | D:3      | Reached XP level 7. HP: 42/48 MP: 8/11
  5688 | D:3      | Learned a level 5 spell: Blade Hands
  5946 | D:4      | Noticed Grinder
  5958 | D:4      | Killed Grinder
  6055 | D:4      | Reached skill level 6 in Transmutations
  6616 | D:4      | Found a deep blue altar of Sif Muna.
  6871 | D:5      | Entered Level 5 of the Dungeon
  6871 | D:5      | Noticed a hungry ghost
  6925 | D:5      | Reached skill level 5 in Dodging
  6925 | D:5      | Reached XP level 8. HP: 39/54 MP: 6/12
  7167 | D:5      | Found a sparkling altar of Nemelex Xobeh.
  7175 | D:5      | Became a worshipper of Nemelex Xobeh the Trickster
  7242 | D:5      | Received a gift from Nemelex Xobeh
  7275 | D:5      | Learned a level 1 spell: Confusing Touch
  7401 | D:5      | Reached skill level 7 in Transmutations
  7440 | D:5      | Reached skill level 1 in Invocations
  7565 | D:5      | Reached skill level 1 in Hexes
  7803 | D:6      | Reached skill level 8 in Transmutations
  8085 | D:6      | Reached XP level 9. HP: 10/59 MP: 9/13
  8090 | D:6      | HP: 2/59 [poisoned by a worker ant]
  8354 | D:6      | Found a staircase to the Ecumenical Temple.
  8623 | Temple   | Entered the Ecumenical Temple
  8688 | D:6      | Found a runed gate.
  8688 | D:6      | Found a runed gate.
  8688 | D:6      | Found a runed gate.
  8933 | D:6      | Reached skill level 9 in Transmutations
  8987 | D:6      | Noticed Morbidden's ghost (novice DECj)
  9478 | D:7      | Received a gift from Nemelex Xobeh
  9482 | D:7      | Reached * piety under Nemelex Xobeh
  9531 | D:7      | Found a transporter.
  9531 | D:7      | Noticed Tinylith's ghost (novice DrAE)
  9541 | D:7      | Found a transporter.
  9712 | D:7      | Found Bannudi's Magic Scroll Shop.
 10387 | D:8      | Found a shimmering altar of Xom.
 10387 | D:8      | Noticed Yermak's ghost (novice GnSu)
 10387 | D:8      | Noticed a +2 scimitar of chaos
 10388 | D:8      | Found a runed door.
 10457 | D:8      | Received a gift from Nemelex Xobeh
 10757 | D:8      | Found Jiruk's Distillery.
 10812 | D:8      | Noticed Prince Ribbit
 10815 | D:8      | Noticed Maurice
 10839 | D:8      | Killed Maurice
 10839 | D:8      | Reached skill level 10 in Transmutations
 10897 | D:8      | Reached ** piety under Nemelex Xobeh
 11002 | D:8      | Killed Prince Ribbit
 11246 | D:9      | Noticed a two-headed ogre
 11254 | D:8      | Reached XP level 10. HP: 51/65 MP: 8/15
 11346 | D:9      | Noticed a two-headed ogre
 11517 | D:9      | a two-headed ogre changed into a floating eye
 11517 | D:9      | Noticed a mana viper
 11517 | D:9      | a two-headed ogre changed into a mana viper
 11816 | D:9      | Reached skill level 11 in Transmutations
 11848 | D:9      | Learned a level 4 spell: Ice Form
 11974 | D:9      | Paralysed by a floating eye for 3 turns
 12106 | D:9      | Found a staircase to the Lair.
 12134 | D:9      | Killed a mana viper
 12850 | D:9      | Paralysed by a hornet for 1 turns
 13096 | D:9      | Reached skill level 12 in Transmutations
 13384 | D:9      | Received a gift from Nemelex Xobeh
 13665 | D:9      | Noticed an oklob plant
 13828 | D:10     | Entered Level 10 of the Dungeon
 13875 | D:10     | Noticed a two-headed ogre
 13882 | D:10     | Killed a two-headed ogre
 14089 | D:10     | Reached XP level 11. HP: 53/73 MP: 7/17
 14375 | D:10     | Found a runed door.
 14375 | D:10     | Noticed Shaidar's ghost (novice MiBe)
 14422 | D:10     | Received a gift from Nemelex Xobeh
 15134 | D:10     | Reached skill level 10 in Unarmed Combat
 15478 | D:11     | Received a gift from Nemelex Xobeh
 15478 | D:11     | Reached *** piety under Nemelex Xobeh
 15505 | D:11     | Found Xazoedil's Jewellery Boutique.
 15558 | D:11     | Found a frozen archway.
 15568 | D:11     | Reached skill level 13 in Transmutations
 15701 | IceCv    | Entered an ice cave
 15936 | IceCv    | Reached skill level 5 in Invocations
 16382 | IceCv    | Noticed a frost giant
 16443 | IceCv    | Killed from afar by a frost giant

Vault maps used:
D:1:      noname_arrival_rooms_in_the_neighbourhood
D:2:      minivault_5
D:3:      cheibrodos_sewer_entry_bend, uniq_sigmund
D:4:      led_sif_pool, uniq_grinder
D:5:      nemelex_xobeh_ov_fountains_minmay, first_ration
D:6:      minmay_temple_entry_ruins, serial_corexii_hall,
          chequers_hall_statues_corner_a, chequers_hall_statues_wall_a,
          gammafunk_ghost_icy
D:7:      gammafunk_ghost_mausoleum, serial_shops, kennysheep_mini,
          serial_bayou_pond_d
D:8:      serial_shops, kennysheep_little_box, ebering_ghost_xom,
          uniq_prince_ribbit1, uniq_maurice
D:9:      lemuel_slime, lair_entry_dummy, kennysheep_generic_room_16
D:10:     hellmonk_ghost_happy_afterlife
D:11:     minmay_orc_entry_temple_small, portal_ice_cave_demonic_guard,
          serial_shops, shop, uniq_grum
Temple:   minmay_crystal_snake_temple
Sewer:    sewer_kobolds
IceCv:    ice_cave_small_giant

Skill      XL: |  1  2  3  4  5  6  7  8  9 10 11 |
---------------+----------------------------------+-----
Transmutations | 3 4 5 6 8 10 12 13 | 13.0
Dodging        | 3 4 5 6 7 8 |  8.0
Unarmed Combat | 4 5 6 7 9 10 | 10.8
Shields        | 1 2 3 4 |  4.0
Spellcasting   | 3 4 |  4.0
Invocations    | 2 3 5 |  5.4
Hexes          | 2 4 |  4.1
Fighting       | 2 4 |  4.4

Action                   |  1- 3 |  4- 6 |  7- 9 | 10-12 || total
-------------------------+-------+-------+-------+-------++-------
Melee: Unarmed           |   170 |    25 |   453 |   398 ||  1046
       Headbutt          |    14 |     3 |    15 |     5 ||    37
       Punch             |     2 |       |       |       ||     2
 Fire: Hunting sling     |    19 |   262 |    30 |       ||   311
Throw: Stone             |    11 |       |       |       ||    11
 Cast: Beastly Appendage |    22 |     3 |    17 |     7 ||    49
       Sticks to Snakes  |     3 |    18 |    20 |    21 ||    62
       Spider Form       |       |     1 |    18 |    11 ||    30
       Confusing Touch   |       |       |     7 |    23 ||    30
       Ice Form          |       |       |       |    13 ||    13
 Abil: Draw Destruction  |       |       |     1 |     4 ||     5
       Draw Summoning    |       |       |       |     6 ||     6
       Draw Escape       |       |       |       |     4 ||     4
  Use: Scroll            |     7 |     5 |     7 |     3 ||    22
       Potion            |       |     1 |     2 |     3 ||     6
 Stab: Confused          |       |       |     3 |    14 ||    17
       Distracted        |       |       |     1 |     4 ||     5
  Eat: Chunk             |     4 |     8 |    19 |    14 ||    45
       Ration            |     1 |     1 |     1 |     3 ||     6
Armor: Robe              |    14 |    37 |    41 |    16 ||   108
       Skin              |       |       |    10 |    34 ||    44
Dodge: Dodged            |    83 |    76 |   298 |   269 ||   726
Block: Buckler           |    12 |    31 |    64 |    30 ||   137

Table legend:
 A = Non-vault XP
 B = Vault XP
 C = Vault XP percentage of total XP
 D = Non-vault monster count
 E = Vault monster count
 F = Vault count percentage of total count
                 A         B        C        D         E       F
            +---------+---------+-------+---------+---------+-------
      Total |    9520 |    4732 |  33.2 |     226 |      60 |  21.0
            +---------+---------+-------+---------+---------+-------
        D:1 |      48 |       0 |   0.0 |      31 |       0 |   0.0
        D:2 |     123 |       0 |   0.0 |      19 |       0 |   0.0
        D:3 |     139 |     216 |  60.8 |      30 |       3 |   9.1
        D:4 |     284 |     195 |  40.7 |      13 |       1 |   7.1
        D:5 |     608 |       0 |   0.0 |      14 |       0 |   0.0
        D:6 |    1296 |       0 |   0.0 |      25 |       0 |   0.0
        D:7 |     784 |       0 |   0.0 |      23 |       0 |   0.0
        D:8 |     536 |     545 |  50.4 |      12 |       2 |  14.3
        D:9 |    2373 |     582 |  19.7 |      27 |      25 |  48.1
       D:10 |    2726 |       0 |   0.0 |      19 |       0 |   0.0
       D:11 |     603 |     652 |  52.0 |      13 |       2 |  13.3
      Sewer |       0 |     107 | 100.0 |       0 |      12 | 100.0
      IceCv |       0 |    2435 | 100.0 |       0 |      15 | 100.0
            +---------+---------+-------+---------+---------+-------
